 Dungeon Crawl Stone Soup version 0.24-a0-537-g2d01d4ab0a (webtiles) character file.

Game seed: 14275049510175826812

51 GordonOverkill the Chiller (level 3, -3/19 HPs)
             Began as a Deep Elf Ice Elementalist on Aug 13, 2019.
             Killed from afar by Robin (9 damage)
             ... with a puff of flame
             ... on level 2 of the Dungeon on Aug 14, 2019.
             The game lasted 00:04:51 (1959 turns).

GordonOverkill the Chiller (DEIE)                   Turns: 1959, Time: 00:04:51

Health: -3/19      AC:  2    Str:  5    XL:     3   Next: 58%
Magic:  9/10       EV: 13    Int: 20    God:
Gold:   52         SH:  0    Dex: 15    Spells: 3/9 levels left

rFire    . . .     SeeInvis .   o - +0 hunting sling
rCold    . . .     Gourm    .   (no shield)
rNeg     . . .     Faith    .   a - +0 robe
rPois    .         Spirit   .   (no helmet)
rElec    .         Reflect  .   (no cloak)
rCorr    .         Harm     .   (no gloves)
MR       .....                  (no boots)
Stlth    ++........             (no amulet)
HPRegen  0.06/turn              (no ring)
MPRegen  0.12/turn              (no ring)

@: no status effects
A: no striking features
a: no special abilities


You were on level 2 of the Dungeon.
You were not hungry.

You visited 1 branch of the dungeon, and saw 2 of its levels.

You collected 52 gold pieces.

Inventory:

Hand Weapons
 b - a +0 whip
 o - a +0 hunting sling (weapon)
Missiles
 d - 39 stones (quivered)
Armour
 a - a +0 robe (worn)
Jewellery
 r - an uncursed amulet of magic regeneration {unknown}
Scrolls
 e - a scroll of teleportation {unknown}
 g - 4 scrolls of identify {unknown}
 h - 2 scrolls of remove curse {unknown}
 i - a scroll of amnesia {unknown}
 m - a scroll of random uselessness {unknown}
 p - a scroll of fear {unknown}
Potions
 f - a potion of lignification {unknown}
 j - a potion of degeneration {unknown}
 k - a potion of might {unknown}
 l - a potion of flight {unknown}
 q - a potion of mutation {unknown}
Comestibles
 c - 8 rations


   Skills:
 - Level 3.0 Dodging
 - Level 3.0 Stealth
 + Level 3.8 Spellcasting
 + Level 1.4 Conjurations
 + Level 1.0 Charms
 + Level 3.9 Ice Magic


You had 3 spell levels left.
You knew the following spells:

 Your Spells              Type           Power        Failure   Level  Hunger
a - Freeze                Ice            ###.         2%          1    None
b - Throw Frost           Conj/Ice       ##....       7%          2    ##.....
c - Ozocubu's Armour      Chrm/Ice       ##......     14%         3    ###....

Your spell library contained the following spells:

 Spells                   Type           Power        Failure   Level  Hunger
 Throw Icicle             Conj/Ice       ##......     41%         4    ####...
 Summon Ice Beast         Ice/Summ       ##......     52%         4    ####...


Dungeon Overview and Level Annotations

Branches:
Dungeon (2/15)

Altars:
Zin

Annotations:
D:2 Robin


Message History

Confirm with . or Enter, or press ? or * to list all spells.
Aiming: Freeze (safe; 2% risk of failure)
Press: ? - help, Shift-Dir - straight line, f - goblin, p - Robin
Aim: a goblin, wielding a +0 club (unusually strong)
You freeze the goblin!
You kill the goblin!
Your Charms skill increases to level 1!
Robin hits you from afar with a +0 spear.
Robin says, "My army is invincible!"
Robin throws the goblin at you!
You see here a +0 club.
Firing (i - inventory)
d - 40 stones (quivered)
Press: ? - help, Shift-Dir - straight line, f - goblin
Aim: a goblin, wielding a +0 dagger (unusually strong)
You shoot a stone. The stone hits the goblin.
The goblin is moderately wounded.
The goblin closely misses you.
Robin flexes a bicep menacingly.
Robin zaps a wand.
The puff of flame hits you!
You die...

......#.#..........#######.#
......#....................#
.....##.########.#.#########
##.####.# #.#.# ........#
#.#.# #####.#.# #.#.# #.#.#
#.#.# #.#.# #g#.# ..# #@#^#
#######.# #(#(#
........########.#(#
.........g...g)g.#.#
#######.##########.# ≈# #.#
#.# §#


g.g §# ##g## ≈# #g# You could see Robin and a goblin.

Vanquished Creatures
  An ooze (D:2)
  A worm (D:2)
  A dart slug (D:2)
  2 leopard geckos
  7 bats
  A giant cockroach (D:1)
  8 goblins
  4 hobgoblins
  2 jackals (D:1)
  4 kobolds (D:1)
  8 rats
39 creatures vanquished.

Notes
Turn   | Place    | Note
-------+----------+-------------------------------------------
     0 | D:1      | GordonOverkill the Deep Elf Ice Elementalist began the
                  | quest for the Orb.
     0 | D:1      | Reached XP level 1. HP: 10/10 MP: 6/6
   585 | D:1      | Reached XP level 2. HP: 15/15 MP: 6/8
  1204 | D:1      | Learned a level 2 spell: Throw Frost
  1371 | D:2      | Reached XP level 3. HP: 19/19 MP: 7/10
  1399 | D:2      | Learned a level 3 spell: Ozocubu's Armour
  1620 | D:2      | Noticed Robin
  1637 | D:2      | Found a glowing silver altar of Zin.
  1957 | D:2      | Reached skill level 1 in Charms
  1959 | D:2      | Killed from afar by Robin

Levels and vault maps discovered:
D:1:      scummos_arrival_checkerplants, layout_basic,
          chequers_serial_rivers_micro_b, wander_ebering_terrifying_dragon_lair
D:2:      layout_loops_ring, old_standard_altar, nicolae_overflow_crystal_walls,
          first_ration, kennysheep_generic_room_13, uniq_robin

Skill      XL: |  1  2  3 |
---------------+----------+-----
Stealth        | 3 |  3.0
Dodging        | 3 |  3.0
Charms         | 1 |  1.0
Spellcasting   | |  3.8
Conjurations   | |  1.4
Ice Magic      | |  3.9

Action                   || total
-------------------------++-------
Melee: Whip              ||     2
 Fire: Hunting sling     ||    28
Throw: Stone             ||    34
 Cast: Freeze            ||    50
  Eat: Chunk             ||     3
Armor: Robe              ||     9
Dodge: Dodged            ||    37

Table legend:
 A = Non-vault XP
 B = Vault XP
 C = Vault XP percentage of total XP
 D = Non-vault monster count
 E = Vault monster count
 F = Vault count percentage of total count
                 A         B        C        D         E       F
            +---------+---------+-------+---------+---------+-------
      Total |      59 |      15 |  20.3 |      32 |       7 |  17.9
            +---------+---------+-------+---------+---------+-------
        D:1 |      27 |       3 |  10.0 |      19 |       1 |   5.0
        D:2 |      32 |      12 |  27.3 |      13 |       6 |  31.6
            +---------+---------+-------+---------+---------+-------
